 Dungeon Crawl Stone Soup version 0.32-a0-953-g508020473e (webtiles) character file.

Game seed: 15327061786585294016

237962 bananaken the Slicer (level 19, -1/151 HPs)
             Began as a Coglin Hunter on Apr 16, 2024.
             Was a High Priest of Okawaru.
             Slain by a merfolk impaler
             ... wielding a +0 trident of freezing
              (2 damage)
             ... on level 4 of the Shoals on Apr 17, 2024.
             The game lasted 01:35:23 (33590 turns).

bananaken the Slicer (Coglin Hunter)               Turns: 33590, Time: 01:35:24

Health: -1/151     AC: 33    Str: 14    XL:     19   Next: 70%
Magic:  28/28      EV: 18    Int: 10    God:    Okawaru [*****.]
Gold:   1353       SH:  0    Dex: 22    Spells: 22/30 levels left

rFire   + + .        a - +6 quick blade (vamp) {Adela}
rCold   + . .        n - +9 dagger "Earthworm" {freeze, rPois rF++ Will+ Stlth-}
rNeg    . . .        I - +9 scale mail of Majitatt {rC+ Str-2 Int+2}
rPois   +            H - +2 helmet {SInv}
rElec   +            h - +2 cloak {rPois}
rCorr   +            x - +2 pair of gloves
SInv    +            X - +0 pair of boots of Ullaraimn {rCorr}
Will    +++..        (amulet unavailable)
Stlth   ++           (ring unavailable)
HPRegen 0.45/turn    (ring unavailable)
MPRegen 0.21/turn    U - tertiary compensator {RevParry, rElec Slay+3}

%: no passive effects
@: about to teleport, heroic, enlightened, flying, revving
A: off-hand wielding, slow wielding, warmup strikes, no jewellery
}: 1/15 runes: abyssal
a: Renounce Religion, Heroism, Finesse, Duel


You were on level 4 of the Shoals.
You worshipped Okawaru.
Okawaru was extremely pleased with you.
You visited 6 branches of the dungeon, and saw 31 of its levels.
You visited the Abyss 1 time.
You also visited: Bailey and Ice Cave.

You collected 2898 gold pieces.
You spent 1545 gold pieces at shops.

Inventory:

Hand Weapons
 a - a +6 vampiric quick blade (weapon) {Adela}
 n - the +9 dagger "Earthworm" (offhand) {freeze, rPois rF++ Will+ Stlth-}
   (You found it on level 2 of the Dungeon)

   rF++:      It greatly protects you from fire.
   rPois:     It protects you from poison.
   Will+:     It increases your willpower.
   Stlth-:    It makes you less stealthy.
Missiles
 q - 12 throwing nets
 v - 15 silver javelins
 F - 15 javelins
 O - 10 curare-tipped darts
 Q - 13 atropa-tipped darts
Armour
 h - a +2 cloak of poison resistance (worn)
 x - a +2 pair of gloves (worn)
 H - a +2 helmet of see invisible (worn)
 I - the +9 scale mail of Majitatt (worn) {rC+ Str-2 Int+2}
   (You found it on level 7 of the Dungeon)

   Str-2:     It affects your strength (-2).
   Int+2:     It affects your intelligence (+2).
   rC+:       It protects you from cold.
 X - the +0 pair of boots of Ullaraimn (worn) {rCorr}
   (You found it in an ice cave)

   rCorr:     It protects you from acid and corrosion.
Gizmo
 U - a tertiary compensator (installed) {RevParry, rElec Slay+3}
   (You invented it yourself on level 5 of the Lair of Beasts)

   [tertiary compensator]

   RevParry:  Your AC increases as you Rev (up to +5) and while fully Revved,
   your attacks may disarm enemies.
   Slay+3:    It affects your accuracy & damage with ranged weapons and melee
   (+3).
   rElec:     It insulates you from electricity.
Wands
 b - a wand of mindburst (23)
 p - a wand of iceblast (6)
 y - a wand of polymorph (5)
 C - a wand of acid (7)
 K - a wand of paralysis (10)
 M - a wand of flame (33) (quivered)
 R - a wand of digging (2)
Scrolls
 i - 7 scrolls of immolation
 j - 6 scrolls of noise
 k - 4 scrolls of teleportation
 o - 5 scrolls of poison
 r - 5 scrolls of vulnerability
 t - 2 scrolls of amnesia
 u - 2 scrolls of fog
 w - a scroll of silence
 N - 4 scrolls of fear
 T - a scroll of blinking
 V - 2 scrolls of torment
 Z - 2 scrolls of enchant weapon
Potions
 c - 3 potions of attraction
 d - 5 potions of heal wounds
 e - 7 potions of might
 f - 5 potions of brilliance
 g - 5 potions of cancellation
 l - 3 potions of curing
 m - 3 potions of ambrosia
 s - 3 potions of invisibility
 z - 6 potions of lignification
 A - a potion of enlightenment
 B - 9 potions of mutation
 D - 4 potions of haste
 P - 2 potions of magic
 S - 5 potions of berserk rage
 W - a potion of resistance
Miscellaneous
 E - a lightning rod (inert)
 L - a phial of floods


   Skills:
 - Level 13.9(18.9) Fighting
 - Level 14.0(19.0) Short Blades
 - Level 4.3(9.3) Ranged Weapons
 - Level 12.4(17.4) Throwing
 - Level 9.0(14.0) Armour
 - Level 9.4(14.4) Dodging
 - Level 2.0(7.0) Stealth
 - Level 6.0 Spellcasting
 + Level 5.1 Conjurations
 - Level 6.6 Translocations
 + Level 5.0 Air Magic
 + Level 6.1 Alchemy
 + Level 13.1 Invocations
 - Level 6.0 Evocations


You had 22 spell levels left.
You knew the following spells:

 Your Spells              Type           Power      Damage    Failure   Level
a - Blink                 Tloc           32%        N/A       5%          2
b - Apportation           Tloc           32%        N/A       3%          1
c - Lesser Beckoning      Tloc           32%        N/A       5%          2
d - Mephitic Cloud        Conj/Alch/Air  13%        N/A       19%         3

Your spell library contained the following spells:

 Spells                   Type           Power      Damage    Failure   Level
 Sting                    Conj/Alch      56%        1d6       6%          1
 Magic Dart               Conj           52%        1d5       7%          1
 Shock                    Conj/Air       52%        1d6       7%          1
 Momentum Strike          Conj/Tloc      28%        3d8       8%          2
 Mercury Vapours          Alch/Air       28%        N/A       9%          2
 Static Discharge         Conj/Air       26%        3-5/arc   11%         2
 Foxfire                  Conj/Fire      32%        2x1d5     21%         1
 Swiftness                Air            13%        N/A       22%         3
 Passage of Golubria      Tloc           16%        N/A       36%         4
 Olgreb's Toxic Radiance  Alch           15%        N/A       43%         4
 Iskenderun's Mystic Bla Conj/Tloc 14%            2d5        (+2d2     45%         4
 Vhi's Electric Charge    Tloc/Air       28%        N/A       45%         4
 Freeze                   Ice            12%        1d3       50%         1
 Necrotise                Necr           12%        1d4       50%         1
 Hailstorm                Conj/Ice       8%         3d5       52%         3
 Airstrike                Air            6%         2d(1-17)  58%         4
 Ensorcelled Hibernation  Hex/Ice        6%         N/A       65%         2
 Jinxbite                 Hex            6%         N/A       65%         2
 Sublimation of Blood     Necr           3%         N/A       65%         2
 Alistair's Intoxication  Alch           10%        N/A       78%         5
 Dimensional Bullseye     Hex/Tloc       4%         N/A       82%         4
 Irradiate                Conj/Alch      7%         3d14      85%         5
 Frozen Ramparts          Ice            6%         1d1       86%         3
 Fugue of the Fallen      Necr           3%         N/A       86%         3
 Ozocubu's Armour         Ice            3%         N/A       86%         3
 Sigil of Binding         Hex            3%         N/A       86%         3
 Ignite Poison            Fire/Alch      9%         N/A       86%         4
 Petrify                  Alch/Erth      9%         N/A       86%         4
 Sticky Flame             Fire/Alch      9%         2d5       86%         4
 Arcjolt                  Conj/Air       6%         1d16      89%         5
 Anguish                  Hex/Necr       1%         N/A       99%         4
 Freezing Cloud           Conj/Ice/Air   4%         6-21      99%         5
 Silence                  Hex/Air        4%         N/A       99%         5
 Borgnjor's Vile Clutch   Necr/Erth      1%         N/A       100%        5
 Metabolic Englaciation   Hex/Ice        1%         N/A       100%        5
 Eringya's Noxious Bog    Alch           7%         4d6       100%        6
 Plasma Beam              Fire/Air       4%         2x1d14    100%        6
 Starburst                Conj/Fire      4%         6d3       100%        6
 Ozocubu's Refrigeration  Ice            1%         4d7       100%        7
 Discord                  Hex            1%         N/A       100%        8
 Fulsome Fusillade        Conj/Alch      7%         (3-5)d5   100%        8
 Ignition                 Fire           1%         3d3       100%        8
 Lehudib's Crystal Spear  Conj/Erth      4%         10d3      100%        8
 Summon Small Mammal      Summ           Unusable   N/A       N/A         1
 Call Imp                 Summ           Unusable   N/A       N/A         2
 Call Canine Familiar     Summ           Unusable   N/A       N/A         3
 Tukima's Dance           Hex            Unusable   N/A       N/A         3
 Summon Lightning Spire   Summ/Air       Unusable   N/A       N/A         4
 Summon Hydra             Summ           Unusable   N/A       N/A         7

Dungeon Overview and Level Annotations

Branches:
Dungeon (15/15)            Temple (1/1) D:5            Lair (5/5) D:8
 Shoals (4/4) Lair:2       Spider (4/4) Lair:3        Slime (0/5) Lair:4
    Orc (2/2) D:12            Elf (0/3) Orc:2        Vaults (0/5) D:13
 Depths (0/4) D:15         Bailey (visited)           IceCv (visited)

Altars:
Ashenzari
Cheibriados
Dithmenos
Elyvilon
Fedhas
Gozag
Hepliaklqana
Kikubaaqudgha
Makhleb
Nemelex Xobeh
Okawaru
Qazlal
Ru
Sif Muna
Trog
Uskayaw
Vehumet
Wu Jian
Xom
Yredelemnul
Zin
The Shining One
Beogh

Shops:
D:10 (   Orc:1 :   Orc:2 [!(*


Innate Abilities, Weirdness & Mutations

You can wield a second weapon in your off-hand.
It takes a long time for you to wield or remove held weapons.
Your first few attacks do less damage.
You cannot equip rings or amulets.


Message History

The iceblast engulfs the merfolk impaler!!
You kill the merfolk impaler!
Okawaru accepts your kill.
You hear a splash. x2
The iceblast engulfs the merfolk impaler!!
You kill the merfolk impaler!
Okawaru accepts your kill.
You hear a splash. x2
The iceblast engulfs the merfolk avatar!
The merfolk avatar is moderately wounded.
You feel sick.
Shadowy forms rise from the deep at the merfolk avatar's song!
The merfolk javelineer throws a javelin.
The javelin pierces through you.
You feel sick.
A nearby plant withers and dies.
The merfolk avatar chants a haunting song.
You resist with almost no effort.
The merfolk javelineer throws a javelin.
The javelin pierces through you!
* * * LOW HITPOINT WARNING * * *
Unknown command.
You feel better.
The shadowy forms in the deep grow still as others approach.
The merfolk avatar chants a haunting song.
You easily resist.
The merfolk javelineer throws a javelin.
The javelin pierces through you!
* * * LOW HITPOINT WARNING * * *
Okay, then.
As you read the scroll of teleportation, it crumbles to dust.
You feel strangely unstable.
The merfolk impaler hits you from afar with a +0 trident of freezing!
* * * LOW HITPOINT WARNING * * *
The merfolk javelineer throws a javelin.
The javelin pierces through you!
* * * LOW HITPOINT WARNING * * *
The merfolk avatar chants a haunting song.
You resist with almost no effort.
The merfolk impaler hits you from afar with a +0 trident of freezing.
You die...

P≈≈~P~~~##≈≈≈≈≈##~~~~~~~~
~~≈~P~~~~#######~~~≈~~~~~
~~~≈≈~~P........)~~≈~~~~~
####~....##...~~~~~~~~~
mm##~~~###...~~~~~~~~~
~~~m##~≈~~~...~~~~~~~..
~~m#~~~~.....~~~~~~.. #
#mH#~~~~.....))~~~~..
≈##≈ ~m#@~~~....<))~~~...
≈≈≈≈H#m#~~~~~.######~~...
#≈..~.#mm~~~##~~~~~#....
#..#m)~~~##~~~~~#.#...
#..)~~~#≈.~#≈~.#.#..
#....~m~#≈.≈≈≈≈~..#.~
.......~~~~#≈.≈##≈≈~.#~~
.......~P~~#≈~~≈#≈#~~#~~
....PP.PPP~≈#≈#"~≈≈~~~#~~


You could see a merfolk avatar, 2 merfolk impalers and a merfolk javelineer.

Vanquished Creatures
  A shard shrike (IceCv)
  2 liches (Abyss:3)
  Jorgrun (D:15)
  Rupert (D:15)
  7 krakens
  Gastronok (D:8)
  Agnes (Spider:1)
  A tentacled starspawn (Abyss:3)
  Frances (Spider:1)
  Aizul (Shoals:3)
  3 emperor scorpions
  Ilsuiw (Shoals:3)
  Louise (Spider:1)
  2 ghost moths
  4 broodmothers
  2 very ugly things
  An ironbound thunderhulk (D:13)
  A lorocyproca (Abyss:3)
  A white draconian (IceCv)
  3 spark wasps (Spider:3)
  A dire elephant (Lair:5)
  Snorg (Lair:3)
  An ettin (D:15)
  A fire dragon (Abyss:3)
  4 merfolk javelineers
  5 merfolk impalers
  7 entropy weavers
  A fenstrider witch zombie (Abyss:3)
  4 ghost crabs (D:12)
  A rakshasa (D:14)
  2 ogre magi (Abyss:3)
  2 hydras
  A vault guard (D:13)
  The ghost of dynoo the Protected, a journeyman VSFi of Beogh (Shoals:2)
  4 ironbound frosthearts (IceCv)
  A catoblepas (Lair:5)
  Erica (D:8)
  A satyr (Shoals:4)
  3 merfolk avatars
  6 boulder beetles
  4 centaur warriors
  7 two-headed ogres
  2 death knights (D:15)
  2 merfolk aquamancers (Shoals:4)
  5 tengu warriors
  A deep troll shaman (Lair:5)
  8 demonic crawlers
  4 death yaks (Lair:5)
  2 naga warriors (Abyss:3)
  2 orc high priests (Orc:2)
  7 pharaoh ants
  A skeletal warrior (D:15)
  4 fire crabs (D:12)
  6 skysharks
  5 sea snakes
  An orange crystal statue (IceCv)
  A steelbarb worm (Spider:3)
  An orb spider (Spider:1)
  A deep troll (D:15)
  24 harpies
  5 orc knights
  A sun moth (Spider:2)
  3 obsidian bats
  35 ugly things
  5 orc sorcerers
  5 cyclopes
  2 deep elf pyromancers (D:15)
  19 wolf spiders
  15 manticores
  10 fauns
  A salamander (Abyss:3)
  A moth of wrath (Spider:2)
  32 elephants
  3 black mambas
  An apocalypse crab (D:12)
  8 merfolk sirens
  Joseph (D:8)
  3 torpor snails
  A molten gargoyle (Lair:3)
  A water nymph (Shoals:1)
  2 kobold blastminers
  An unseen horror (D:11)
  2 kobold demonologists
  2 unseen horror zombies (D:9)
  20 rime drakes
  Maggie (D:6)
  12 cane toads
  3 efreet
  9 komodo dragons
  5 freezing wraiths
  A yaktaur (D:10)
  6 tengu conjurers
  Psyche (D:12)
  10 merfolk
  2 trolls
  18 tarantellas
  17 polar bears
  14 jumping spiders
  4 wind drakes
  9 blink frogs
  8 snapping turtles
  A dream sheep (Lair:3)
  11 slime creatures
  3 vampires
  2 shadows (D:12)
  5 water elementals
  13 culicivoras
  A wraith (D:12)
  A centaur simulacrum (D:14)
  5 wyverns
  Eustachio (D:6)
  3 wargs
  34 yaks
  5 fire bats (Abyss:3)
  A basilisk (shapeshifter) (D:14)
  4 vampire mosquitoes
  A steam dragon (D:10)
  A human (D:13)
  5 basilisks
  Grum (Bailey)
  26 redbacks
  3 chaos spawn (Abyss:3)
  A swamp worm (D:8)
  A harpy simulacrum (D:15)
  2 nagas (Abyss:3)
  Duvessa (D:7)
  2 acid dragons
  17 water moccasins
  9 black bears
  32 orc warriors
  2 ice beasts (D:6)
  2 laughing skulls (D:12)
  A sky beast (D:8)
  25 wolves
  5 ogres
  9 centaurs
  A phantom (D:6)
  5 kobold brigands
  Blork the orc (D:6)
  13 bullfrogs
  6 gnoll sergeants (Bailey)
  A scorpion (D:5)
  4 wights (D:9)
  A wyvern skeleton (D:9)
  A burial acolyte (D:9)
  Dowan (D:7)
  24 killer bees
  8 howler monkeys
  5 lava snakes (Lair:3)
  3 bombardier beetles
  A centaur zombie (D:9)
  A jelly (D:5)
  8 gnoll boudas
  25 orc priests
  4 hounds
  A human zombie (D:9)
  2 scrub nettles (Lair:3)
  4 iguanas
  27 orc wizards
  6 hell rats (Lair:2)
  2 killer bee zombies (D:9)
  12 adders
  15 gnolls
  A howler monkey skeleton (D:9)
  A shadow imp (D:6)
  2 white imps
  2 ufetubi (D:5)
  3 dart slugs
  66 orcs
  A bat (D:3)
  9 endoplasms
  2 giant cockroaches
  12 goblins
  6 hobgoblins
  A jackal (D:2)
  2 quokkas (D:4)
  14 ball pythons
  5 frilled lizards
  10 kobolds
  5 rats
  2 starspawn tentacles (Abyss:3)
  38 tentacles
1071 creatures vanquished.

Vanquished Creatures (others)
  A fire bat (Abyss:3)
  3 chaos spawn (Abyss:3)
  An orc wizard (Orc:2)
  2 starspawn tentacles (Abyss:3)
  86 tentacles
93 creatures vanquished.

Grand Total: 1164 creatures vanquished

Notes
Turn   | Place    | Note
-------+----------+-------------------------------------------
     0 | D:1      | bananaken the Coglin Hunter began the quest for the Orb.
     0 | D:1      | Reached XP level 1. HP: 16/16 MP: 1/1
   130 | D:1      | Reached skill level 1 in Stealth
   130 | D:1      | Reached XP level 2. HP: 22/22 MP: 2/2
   420 | D:2      | Reached XP level 3. HP: 28/28 MP: 3/3
   753 | D:2      | Identified the +9 dagger "Earthworm" {freeze, rPois rF++
                  | Will+ Stlth-}
   813 | D:2      | Reached XP level 4. HP: 28/34 MP: 4/4
   834 | D:2      | Found a faded altar of an unknown god.
   938 | D:2      | Learned a level 2 spell: Blink
  1823 | D:3      | Found a glowing golden altar of the Shining One.
  2080 | D:4      | Reached skill level 1 in Short Blades
  2080 | D:4      | Reached XP level 5. HP: 39/40 MP: 5/5
  3183 | D:5      | Entered Level 5 of the Dungeon
  3189 | D:5      | Reached XP level 6. HP: 31/47 MP: 6/6
  3296 | D:5      | Reached skill level 2 in Short Blades
  3296 | D:5      | Reached skill level 1 in Armour
  3556 | D:5      | Noticed a black bear
  3565 | D:5      | Killed a black bear
  3568 | D:5      | Reached XP level 7. HP: 43/54 MP: 7/7
  3739 | D:5      | Found a staircase to the Ecumenical Temple.
  3753 | D:5      | Reached skill level 3 in Short Blades
  3792 | Temple   | Entered the Ecumenical Temple
  3805 | Temple   | Became a worshipper of Warmaster Okawaru
  3930 | D:5      | Reached skill level 1 in Evocations
  4351 | D:5      | Found a shimmering blue altar of Sif Muna.
  4705 | D:6      | Noticed Eustachio
  4728 | D:6      | Reached skill level 4 in Short Blades
  4728 | D:6      | Reached XP level 8. HP: 61/61 MP: 8/8
  4735 | D:6      | Killed Eustachio
  4736 | D:6      | Reached skill level 5 in Fighting
  4770 | D:6      | Noticed Maggie
  4779 | D:6      | Reached * piety under Okawaru
  4789 | D:6      | Killed Maggie
  4790 | D:6      | Reached skill level 5 in Short Blades
  4935 | D:6      | Found a hazy altar of Hepliaklqana.
  5246 | D:6      | Noticed Blork the orc
  5251 | D:6      | Killed Blork the orc
  5252 | D:6      | Reached XP level 9. HP: 54/69 MP: 9/9
  5579 | D:6      | Found a white marble altar of Elyvilon.
  5619 | D:6      | Found a sparkling altar of Nemelex Xobeh.
  5625 | D:6      | Reached skill level 1 in Invocations
  6054 | D:7      | Reached ** piety under Okawaru
  6112 | D:7      | Noticed Duvessa
  6112 | D:7      | Noticed Dowan
  6122 | D:7      | Killed Duvessa
  6123 | D:7      | Reached skill level 6 in Short Blades
  6123 | D:7      | Reached skill level 5 in Evocations
  6127 | D:7      | Killed Dowan
  6533 | D:7      | Found a stormy altar of Qazlal.
  6636 | D:7      | Identified the +9 scale mail of Majitatt {rC+ Str-2 Int+2}
  7047 | D:8      | Found a staircase to the Lair.
  7047 | D:8      | Noticed an elephant
  7068 | D:8      | Killed an elephant
  7315 | D:8      | Reached skill level 5 in Armour
  7387 | D:8      | Noticed Erica
  7394 | D:8      | Killed Erica
  7394 | D:8      | Reached *** piety under Okawaru
  7395 | D:8      | Reached skill level 7 in Short Blades
  7395 | D:8      | Reached XP level 10. HP: 48/77 MP: 10/12
  7613 | D:8      | Noticed Gastronok
  7640 | D:8      | Killed Gastronok
  7641 | D:8      | Reached skill level 8 in Short Blades
  8264 | D:8      | Noticed Joseph
  8272 | D:8      | Killed Joseph
  8272 | D:8      | Reached **** piety under Okawaru
  8570 | D:9      | Found a flagged portal.
  8585 | Bailey   | Entered a bailey
  8694 | Bailey   | Noticed Grum
  8709 | Bailey   | Killed Grum
  8720 | Bailey   | Reached XP level 11. HP: 50/86 MP: 14/14
  8876 | Bailey   | Identified the +4 plate armour of the Toothy God {rC+ SInv}
  8906 | Bailey   | Reached skill level 9 in Short Blades
  9206 | D:9      | Noticed a centaur warrior
  9217 | D:9      | Killed a centaur warrior
  9217 | D:9      | Reached ***** piety under Okawaru
  9337 | D:9      | Noticed a red ugly thing
  9349 | D:9      | Killed a red ugly thing
  9394 | D:9      | Received a gift from Okawaru
  9395 | D:9      | Reached skill level 1 in Throwing
 10000 | D:9      | Found an ancient bone altar of Kikubaaqudgha.
 10033 | D:9      | Reached skill level 5 in Invocations
 10377 | D:9      | Noticed a two-headed ogre
 10388 | D:9      | Killed a two-headed ogre
 10389 | D:9      | Reached skill level 10 in Short Blades
 10389 | D:9      | Found a snail-covered altar of Cheibriados.
 10589 | D:9      | Found an ornate altar of the Wu Jian Council.
 10609 | D:10     | Entered Level 10 of the Dungeon
 10708 | D:10     | Found Jeten's Weapon Emporium.
 10891 | D:10     | Noticed a two-headed ogre
 10907 | D:10     | Killed a two-headed ogre
 10962 | D:10     | Noticed a two-headed ogre
 10973 | D:10     | Killed a two-headed ogre
 10974 | D:10     | Reached XP level 12. HP: 85/95 MP: 16/16
 11437 | D:10     | Received a gift from Okawaru
 11568 | D:10     | Noticed a six-headed hydra
 11577 | D:10     | Killed a six-headed hydra
 11578 | D:10     | Noticed a tengu warrior
 11581 | D:10     | Identified the +3 troll leather armour of Uwkeng {Rampage
                  | Regen+ Str-2 Int+7 Stlth+}
 11583 | D:10     | Identified the ring "Nogaci" {rF- rC++ rN++ Int+6}
 11727 | D:10     | Reached ****** piety under Okawaru
 11785 | D:10     | Acquired a +1 vampiric quick blade
 11785 | D:10     | Received a gift from Okawaru
 11833 | D:10     | Noticed a boulder beetle
 11872 | D:10     | Killed a boulder beetle
 11949 | D:10     | Killed a tengu warrior
 11949 | D:10     | Received a gift from Okawaru
 12242 | Lair:1   | Entered Level 1 of the Lair of Beasts
 12701 | Lair:1   | Reached skill level 5 in Throwing
 12964 | Lair:1   | Reached skill level 10 in Fighting
 12979 | Lair:1   | Received a gift from Okawaru
 13347 | Lair:2   | Reached XP level 13. HP: 103/103 MP: 18/18
 13669 | Lair:2   | Identified the +0 robe "Jeoron" {rElec Regen+ Int-2 Dex+6}
 14281 | Lair:2   | Found a staircase to the Shoals.
 14556 | Lair:3   | Received a gift from Okawaru
 14800 | Lair:3   | Reached skill level 11 in Short Blades
 14882 | Lair:3   | Noticed Snorg
 14898 | Lair:3   | Killed Snorg
 15351 | Lair:3   | Found a hole to the Spider Nest.
 15375 | Lair:3   | Received a gift from Okawaru
 15447 | Lair:3   | Identified the ring of Woibrar {Fly rElec AC+4}
 16559 | Lair:4   | Found a staircase to the Slime Pits.
 16959 | Lair:5   | Entered Level 5 of the Lair of Beasts
 16986 | Lair:4   | Reached skill level 12 in Short Blades
 17228 | Lair:5   | Reached XP level 14. HP: 111/111 MP: 20/20
 17230 | Lair:5   | Acquired a tertiary compensator {RevParry, rElec Slay+3}
 17282 | Lair:5   | Received a gift from Okawaru
 17622 | Lair:5   | Received a gift from Okawaru
 17701 | Lair:5   | Reached skill level 13 in Short Blades
 17986 | Lair:5   | Received a gift from Okawaru
 18007 | Lair:5   | Noticed a dire elephant
 18025 | Lair:5   | Killed a dire elephant
 18704 | D:11     | Learned a level 1 spell: Apportation
 18707 | D:11     | Learned a level 2 spell: Lesser Beckoning
 19233 | D:12     | Found a basalt altar of Yredelemnul.
 19679 | D:12     | Noticed Psyche
 19683 | D:12     | Killed Psyche
 19712 | D:12     | Identified a scroll of acquirement
 19712 | D:12     | Acquired a +0 helmet of see invisible
 19792 | D:12     | Received a gift from Okawaru
 19918 | D:12     | Found a runed translucent door.
 19940 | D:12     | Reached skill level 14 in Short Blades
 20373 | D:12     | Reached XP level 15. HP: 117/117 MP: 19/22
 20379 | D:12     | Found a roughly hewn altar of Beogh.
 20379 | D:12     | Found a staircase to the Orcish Mines.
 20659 | D:12     | Reached skill level 10 in Invocations
 20662 | D:12     | Reached XP level 16. HP: 107/125 MP: 23/23
 20902 | D:12     | Paralysed by an apocalypse crab for 1 turns
 21182 | D:13     | Received a gift from Okawaru
 21477 | D:13     | Identified the +7 long sword "Bal Cagam" {freeze, Will-
                  | Dex+5 Stlth+}
 21542 | D:13     | Reached skill level 5 in Dodging
 21658 | D:13     | Found a gate to the Vaults.
 22264 | D:14     | Reached skill level 10 in Throwing
 22304 | D:14     | Reached skill level 5 in Translocations
 22315 | D:14     | Found a burning altar of Makhleb.
 22315 | D:14     | Noticed an Executioner
 22366 | D:14     | Received a gift from Okawaru
 22472 | D:15     | Entered Level 15 of the Dungeon
 22473 | D:15     | Noticed Rupert
 22483 | D:15     | Killed Rupert
 22636 | D:15     | Got Sif Muna's Commentary on the Arsonist and Bad Luck
 22983 | D:15     | Noticed Jorgrun
 22995 | D:15     | Killed Jorgrun
 23095 | D:15     | Reached XP level 17. HP: 113/133 MP: 25/25
 23104 | D:15     | Received a gift from Okawaru
 23174 | D:15     | Found a staircase to the Depths.
 23508 | Orc:1    | Entered Level 1 of the Orcish Mines
 23508 | Orc:1    | Found Lekil's Book Shoppe.
 23849 | Orc:2    | Entered Level 2 of the Orcish Mines
 24342 | Orc:2    | Found a staircase to the Elven Halls.
 24531 | Orc:2    | Received a gift from Okawaru
 24539 | Orc:2    | Found Ofefiuqy's Antique Armour Shop.
 24539 | Orc:2    | Found Plog's General Store.
 24539 | Orc:2    | Found Extal's Antique Weapon Boutique.
 24542 | Orc:2    | Found Wupsolit's Distillery.
 24545 | Orc:2    | Bought a runed cloak for 202 gold pieces
 24550 | Orc:2    | Bought a bloodstained plate armour for 756 gold pieces
 24550 | Orc:2    | Identified the +0 plate armour of the Earth {*Slow rC+++
                  | rN+++} (You bought it in a shop on level 2 of the Orcish
                  | Mines)
 24552 | Orc:2    | Bought a potion of mutation for 88 gold pieces
 24552 | Orc:2    | Bought 6 curare-tipped darts for 79 gold pieces
 24553 | Orc:2    | Bought a crystal double sword for 420 gold pieces
 24553 | Orc:2    | Identified the +9 double sword "Hydrabane" {venom, *Corrode
                  | +Blink Str+6 Int-2} (You bought it in a shop on level 2 of
                  | the Orcish Mines)
 25032 | Spider:1 | Entered Level 1 of the Spider Nest
 25076 | Spider:1 | Noticed Louise
 25078 | Abyss:3  | Cast into level 3 of the Abyss (Louise)
 25116 | Abyss:3  | Noticed a lich
 25117 | Abyss:3  | Reached skill level 1 in Spellcasting
 25132 | Abyss:3  | Killed a lich
 25153 | Abyss:3  | Noticed a lich
 25163 | Abyss:3  | Killed a lich
 25166 | Abyss:3  | Got an abyssal rune of Zot
 25207 | Abyss:3  | Noticed a tentacled starspawn
 25217 | Abyss:3  | Killed a tentacled starspawn
 25277 | Spider:1 | Escaped the Abyss
 25305 | Spider:1 | Killed Louise
 25320 | Spider:1 | Noticed Frances
 25371 | Spider:1 | Received a gift from Okawaru
 25386 | Spider:1 | Killed Frances
 25417 | Spider:1 | Found a glacial archway.
 25420 | Spider:1 | Noticed Agnes
 25424 | IceCv    | Entered an ice cave
 26045 | IceCv    | Reached XP level 18. HP: 132/143 MP: 26/26
 26199 | IceCv    | Noticed a shard shrike
 26221 | IceCv    | Killed a shard shrike
 26221 | IceCv    | Received a gift from Okawaru
 26246 | IceCv    | Identified the +0 pair of boots of Ullaraimn {rCorr}
 26741 | Spider:1 | Killed Agnes
 26764 | Spider:1 | Learned a level 3 spell: Mephitic Cloud
 27724 | Spider:2 | Received a gift from Okawaru
 28561 | Spider:3 | Reached skill level 5 in Spellcasting
 29006 | Spider:3 | Received a gift from Okawaru
 29639 | Spider:4 | Entered Level 4 of the Spider Nest
 30052 | Spider:3 | Reached skill level 1 in Alchemy
 30057 | Spider:3 | Reached skill level 1 in Air Magic
 30229 | Shoals:1 | Entered Level 1 of the Shoals
 30235 | Shoals:1 | Reached skill level 1 in Conjurations
 30412 | Shoals:1 | Received a gift from Okawaru
 30525 | Shoals:1 | Reached XP level 19. HP: 125/151 MP: 26/28
 31468 | Shoals:2 | Found a runed translucent door.
 31468 | Shoals:2 | Noticed dynoo's ghost (journeyman VSFi)
 31482 | Shoals:2 | Killed dynoo's ghost
 32080 | Shoals:2 | Received a gift from Okawaru
 32754 | Shoals:3 | Identified the serpent talisman "Ybakat" {rF+ rN+}
 32754 | Shoals:3 | Noticed Aizul
 32771 | Shoals:3 | Killed Aizul
 32904 | Shoals:4 | Entered Level 4 of the Shoals
 33033 | Shoals:4 | Reached skill level 5 in Alchemy
 33357 | Shoals:4 | Noticed Ilsuiw
 33380 | Shoals:3 | Killed Ilsuiw
 33380 | Shoals:3 | Received a gift from Okawaru
 33585 | Shoals:4 | Reached skill level 5 in Conjurations
 33587 | Shoals:4 | Reached skill level 5 in Air Magic
 33590 | Shoals:4 | HP: 1/151 [merfolk javelineer/javelin (15)]
 33590 | Shoals:4 | Slain by a merfolk impaler

Illustrated notes

Levels and vault maps discovered:
D:1:      dpeg_arrival_tiny_h, layout_rooms, hangedman_decor_growths
D:2:      layout_basic, hellmonk_ecumenical_altar_arch_garden,
          minmay_misc_feat_chi, minmay_tetromino_s4
D:3:      layout_basic, nicolae_tso_swordbearing_angel, minmay_quantized
D:4:      minmay_thinvault, layout_cave_pods, nicolae_elevator_lobby_plus
D:5:      layout_layer_cave, overflow_temple_1_default, temple_pool_b,
          serial_glass, glass_columns_a, glass_columns_b,
          eino_small_chamber_without_monster, grunt_decor_fettered, st_stairs_3
D:6:      layout_basic, jmf_multi_god_temple2, lemuel_tele_altar,
          uniq_blork_the_orc, uniq_maggie, uniq_eustachio
D:7:      layout_loops_corners, nicolae_qazlal_general_emergency, minivault_10,
          kennysheep_generic_room_10, uniq_duvessa
D:8:      layout_basic, david_lair_generic, chequers_jeans, worms_lemuel,
          uniq_erica, uniq_gastronok, uniq_joseph
D:9:      minmay_opposing_rooms, layout_loops_corners,
          pdpol_wu_jian_five_deadly_venoms,
          lemuel_mausoleum_altar_kikubaaqudgha, cheibriados_altar_2,
          enter_bailey_3, minmay_holes, kennysheep_generic_room_11
D:10:     layout_long_grid, serial_shops, nicolae_shop_tiny_glass,
          minmay_evil_grid
D:11:     layout_loops_ring
D:12:     gammafunk_mikee_crab_dinner, layout_loops_ring, david_orc_5,
          drop_trap, yredelemnul_altar_generic, uniq_psyche
D:13:     layout_basic, hellmonk_vaults_keyhole
D:14:     layout_roguey, makhleb_altar_promises_db
D:15:     hangedman_depths_entry_civil_slaughter, layout_rooms,
          columned_hall_lemuel, uniq_jorgrun, uniq_rupert
Temple:   nicolae_temple_ecumenical_triangle
Lair:1:   layout_regular_city
Lair:2:   layout_regular_city, minmay_shoals_entry_hut, serial_forest,
          infiniplex_forest_clump_double, infiniplex_forest_end_3,
          infiniplex_forest_lined_room_, infiniplex_forest_clump_diagonal,
          infiniplex_forest_end_2, infiniplex_forest_clump_diagonal,
          infiniplex_forest_clump_diagonal, serial_bayou_shore_b
Lair:3:   cheibrodos_magma_flow, layout_gridlike, spider_nest_entry_web_field,
          grunt_forest_stairs_basic, st_stairs_10, evilmike_ambush
          [evilmike_ambush_outer_basic, evilmike_ambush_inner_pond],
          serial_bayou_shore_a, grunt_megastairs_2, uniq_snorg
Lair:4:   layout_cave_pods, slime_entry_1, grunt_megastairs_4,
          infiniplex_staircase_pool_2
Lair:5:   grunt_lair_end_beastmaster, layout_misc_corridors,
          nicolae_quartered_pool_medium
Shoals:1: layout_shoals, nicolae_shoals_kraken_intersection
Shoals:2: layout_shoals, ebering_ghost_inner_flame, nicolae_shoals_kraken_party
Shoals:3: layout_shoals, uniq_aizul
Shoals:4: shoals_end_hangedman, layout_shoals, shoals_ilsuiw_alternative
Spider:1: layout_spider_delve, portal_ice_cave_entry_ugly_swarm, uniq_louise,
          uniq_agnes, uniq_frances
Spider:2: layout_spider_delve
Spider:3: layout_chambers
Spider:4: grunt_spider_rune_circles, uniq_asterion
Orc:1:    layout_diamond_mine, serial_shops, shop
Orc:2:    st_orc_mages, layout_diamond_mine

Skill      XL: |  1  2  3  4  5  6  7  8  9 10 11 12 13 14 15 16 17 18 19 |
---------------+----------------------------------------------------------+-----
Stealth        | 1 2 |  2.0
Dodging        | 2 3 4 6 8 9 |  9.4
Ranged Weapons | 4 |  4.3
Short Blades   | 1 2 4 5 7 8 10 12 14 | 14.0
Fighting       | 3 4 5 6 7 9 10 11 12 13 | 13.9
Armour         | 1 3 5 6 7 8 9 |  9.0
Evocations     | 2 4 6 |  6.0
Invocations    | 3 4 5 6 8 9 10 11 12 13 | 13.1
Throwing       | 3 5 7 9 10 11 12 | 12.4
Translocations | 3 5 6 |  6.6
Spellcasting   | 3 5 6 |  6.0
Alchemy        | 2 6 |  6.1
Air Magic      | 1 5 |  5.0
Conjurations   | 2 5 |  5.1

Action                     |  1- 3 |  4- 6 |  7- 9 | 10-12 | 13-15 | 16-18 | 19-21 || total
---------------------------+-------+-------+-------+-------+-------+-------+-------++-------
  Melee: Dagger            |       |   138 |   306 |   956 |   889 |  1426 |   492 ||  4207
         Quick blade       |       |       |       |   377 |  1698 |  2768 |   925 ||  5768
   Fire: Sling             |   122 |    55 |       |       |       |       |       ||   177
  Throw: Dart              |       |       |       |     6 |     2 |     2 |       ||    10
   Cast: Blink             |       |       |       |       |       |     4 |       ||     4
         Lesser Beckoning  |       |       |       |       |       |     4 |    22 ||    26
         Apportation       |       |       |       |       |       |     1 |       ||     1
 Invoke: Heroism           |       |       |       |     1 |    14 |    20 |     7 ||    42
         Receive Weapon    |       |       |       |     1 |       |       |       ||     1
         Finesse           |       |       |       |       |       |     3 |       ||     3
Ability: Invent Gizmo      |       |       |       |       |     1 |       |       ||     1
  Evoke: Wand              |       |       |     2 |    20 |    21 |    17 |    38 ||    98
         Lightning rod     |       |       |       |     4 |       |     3 |     4 ||    11
    Use: Scroll            |       |     3 |     3 |    11 |    22 |     4 |     1 ||    44
         Potion            |       |       |     1 |     1 |     3 |    10 |     4 ||    19
   Stab: Petrifying        |       |       |       |       |     5 |     2 |       ||     7
         Petrified         |       |       |       |       |     4 |       |       ||     4
         Invisible         |       |       |       |       |       |     4 |       ||     4
 Armour: Leather armour    |     3 |       |       |       |       |       |       ||     3
         Chain mail        |       |   109 |    75 |       |       |       |       ||   184
         Scale mail        |       |       |    34 |   398 |   685 |  1187 |   490 ||  2794
  Dodge: Dodged            |     6 |    47 |    45 |   212 |   368 |   961 |   360 ||  1999

Table legend: (Time is in decaauts)
 A = Elapsed time spent in this place.
 B = Non-inter-level travel time spent in this place.
 C = Inter-level travel time spent in this place.
 D = Time resting spent in this place.
 E = Time spent auto-exploring this place.
 F = Levels seen in this place.
 G = Mean time per level.
                   A        B        C        D        E       F      G
               +--------+--------+--------+--------+--------+-----+--------+
         Total |  32083 |  30310 |   1773 |   2893 |  21442 |  34 |  943.6 |
       Dungeon |  16509 |  15441 |   1068 |   1575 |  11358 |  15 | 1100.6 |
        Temple |     20 |     14 |      6 |      0 |      0 |   1 |   20.0 |
          Lair |   5905 |   5550 |    355 |    525 |   3900 |   5 | 1181.0 |
        Shoals |   3277 |   3229 |     48 |    227 |   2059 |   4 |  819.2 |
   Spider Nest |   3386 |   3183 |    203 |    283 |   2295 |   4 |  846.5 |
  Orcish Mines |   1179 |   1087 |     92 |     46 |    781 |   2 |  589.5 |
         Abyss |    130 |    130 |      0 |      0 |      0 |   1 |  130.0 |
        Bailey |    513 |    513 |      0 |     93 |    266 |   1 |  513.0 |
      Ice Cave |   1159 |   1159 |      0 |    143 |    781 |   1 | 1159.0 |
               +--------+--------+--------+--------+--------+-----+--------+

Top non-repeatable levels by time:
    D:12: 1826 daAuts
Spider:3: 1673 daAuts
     D:9: 1637 daAuts
     D:8: 1627 daAuts
    D:10: 1583 daAuts
  Lair:3: 1432 daAuts
     D:5: 1337 daAuts
  Lair:2: 1285 daAuts
     D:6: 1261 daAuts
     D:4: 1226 daAuts
Shoals:1: 1186 daAuts
   IceCv: 1159 daAuts
  Lair:4: 1151 daAuts
Spider:2: 1140 daAuts
     D:7: 1083 daAuts
